Workbook

Sheet Übersicht
B2: HOCHZEITSPLANER
B3: Ihr zentraler Überblick für den großen Tag · 2026
B5: BRAUTPAAR | D5: HOCHZEITSDATUM | F5: TAGE BIS ZUR HOCHZEIT
B6: Anna & Lukas | D6: 46354 | F6: =$D$6-TODAY() -> 84
B8: AUF EINEN BLICK
B9: BUDGET | D9: GÄSTE | F9: AUFGABEN
B10: Geplant | C10: =SUM(Budget!$D$6:$D$29) -> 22900 | D10: Eingeladen (Pers.) | E10: =SUM(Gästeliste!$D$6:$D$23) -> 42 | F10: Gesamt | G10: =COUNTA(Checkliste!$B$6:$B$35) -> 30
B11: Tatsächlich | C11: =SUM(Budget!$E$6:$E$29) -> 22360 | D11: Zusagen (Pers.) | E11: =SUM(Gästeliste!$G$6:$G$23) -> 26 | F11: Erledigt | G11: =COUNTIF(Checkliste!$F$6:$F$35,"Erledigt") -> 15
B12: Differenz | C12: =C10-C11 -> 540 | D12: Absagen (Part.) | E12: =COUNTIF(Gästeliste!$F$6:$F$23,"Abgesagt") -> 1 | F12: Offen | G12: =G10-G11 -> 15
B13: Auslastung | C13: =IF(C10=0,0,C11/C10) -> 0.97641921 | D13: Ausstehend (Part.) | E13: =COUNTIF(Gästeliste!$F$6:$F$23,"Ausstehend") -> 5 | F13: Fortschritt | G13: =IF(G10=0,0,G11/G10) -> 0.5
B15: BUDGET NACH KATEGORIE
B16: Kategorie | D16: Geplant | E16: Tatsächlich | F16: Differenz | G16: Anteil
B17: Location & Miete | D17: =SUMIF(Budget!$A:$A,$B17,Budget!$D:$D) -> 3700 | E17: =SUMIF(Budget!$A:$A,$B17,Budget!$E:$E) -> 3990 | F17: =D17-E17 -> -290 | G17: =IF($D$28=0,0,D17/$D$28) -> 0.16157205
B18: Catering & Getränke | D18: =SUMIF(Budget!$A:$A,$B18,Budget!$D:$D) -> 6900 | E18: =SUMIF(Budget!$A:$A,$B18,Budget!$E:$E) -> 7150 | F18: =D18-E18 -> -250 | G18: =IF($D$28=0,0,D18/$D$28) -> 0.30131004
B19: Dekoration & Floristik | D19: =SUMIF(Budget!$A:$A,$B19,Budget!$D:$D) -> 1150 | E19: =SUMIF(Budget!$A:$A,$B19,Budget!$E:$E) -> 1290 | F19: =D19-E19 -> -140 | G19: =IF($D$28=0,0,D19/$D$28) -> 0.050218341
B20: Kleidung & Beauty | D20: =SUMIF(Budget!$A:$A,$B20,Budget!$D:$D) -> 2450 | E20: =SUMIF(Budget!$A:$A,$B20,Budget!$E:$E) -> 2620 | F20: =D20-E20 -> -170 | G20: =IF($D$28=0,0,D20/$D$28) -> 0.1069869
B21: Musik & Unterhaltung | D21: =SUMIF(Budget!$A:$A,$B21,Budget!$D:$D) -> 1200 | E21: =SUMIF(Budget!$A:$A,$B21,Budget!$E:$E) -> 1250 | F21: =D21-E21 -> -50 | G21: =IF($D$28=0,0,D21/$D$28) -> 0.052401747
B22: Fotografie & Video | D22: =SUMIF(Budget!$A:$A,$B22,Budget!$D:$D) -> 2700 | E22: =SUMIF(Budget!$A:$A,$B22,Budget!$E:$E) -> 1900 | F22: =D22-E22 -> 800 | G22: =IF($D$28=0,0,D22/$D$28) -> 0.11790393
B23: Papeterie & Drucksachen | D23: =SUMIF(Budget!$A:$A,$B23,Budget!$D:$D) -> 450 | E23: =SUMIF(Budget!$A:$A,$B23,Budget!$E:$E) -> 470 | F23: =D23-E23 -> -20 | G23: =IF($D$28=0,0,D23/$D$28) -> 0.019650655
B24: Ringe & Schmuck | D24: =SUMIF(Budget!$A:$A,$B24,Budget!$D:$D) -> 1200 | E24: =SUMIF(Budget!$A:$A,$B24,Budget!$E:$E) -> 1300 | F24: =D24-E24 -> -100 | G24: =IF($D$28=0,0,D24/$D$28) -> 0.052401747
B25: Torte & Sweets | D25: =SUMIF(Budget!$A:$A,$B25,Budget!$D:$D) -> 650 | E25: =SUMIF(Budget!$A:$A,$B25,Budget!$E:$E) -> 650 | F25: =D25-E25 -> 0 | G25: =IF($D$28=0,0,D25/$D$28) -> 0.028384279
B26: Transport & Übernachtung | D26: =SUMIF(Budget!$A:$A,$B26,Budget!$D:$D) -> 600 | E26: =SUMIF(Budget!$A:$A,$B26,Budget!$E:$E) -> 610 | F26: =D26-E26 -> -10 | G26: =IF($D$28=0,0,D26/$D$28) -> 0.026200873
B27: Sonstiges | D27: =SUMIF(Budget!$A:$A,$B27,Budget!$D:$D) -> 1900 | E27: =SUMIF(Budget!$A:$A,$B27,Budget!$E:$E) -> 1130 | F27: =D27-E27 -> 770 | G27: =IF($D$28=0,0,D27/$D$28) -> 0.082969432
B28: GESAMT | D28: =SUM(D17:D27) -> 22900 | E28: =SUM(E17:E27) -> 22360 | F28: =SUM(F17:F27) -> 540 | G28: =SUM(G17:G27) -> 1
B30: SO NUTZEN SIE DIESE VORLAGE
B31: • Tragen Sie das Hochzeitsdatum oben rechts (Zelle D6) ein – Countdown und alle Fälligkeiten in der Checkliste passen sich automatisch an.
B32: • Blätter unten: »Budget«, »Checkliste«, »Gästeliste« und »Dienstleister«. Nur die weißen Zellen befüllen – graue Summen & Kennzahlen berechnen sich selbst.
B33: • Felder mit Auswahl (Status, Rückmeldung, Priorität …) haben ein Dropdown. Einfach auf die Zelle klicken und auswählen.
B34: • Farbcodes: Grün = erledigt / unter Budget, Gelb = in Arbeit / ausstehend, Rot = überfällig / über Budget.
B35: • Zeilen dürfen ergänzt werden – Dropdowns und Formeln sind für zusätzliche Zeilen bereits vorbereitet.

Sheet Budget
A2: Budget & Kostenplanung
A3: Tragen Sie geplante und tatsächliche Kosten ein. Restbetrag und Differenz werden automatisch berechnet. Grün = unter Budget, Rot = über Budget. Beispieldaten – bitte an Ihre Hochzeit anpassen.
A5: Kategorie | B5: Position | C5: Anbieter | D5: Geplant (€) | E5: Tatsächlich (€) | F5: Angezahlt (€) | G5: Restbetrag (€) | H5: Differenz (€) | I5: Status | J5: Notizen
A6: Location & Miete | B6: Festsaal / Location (Miete Samstag) | C6: Landgut Beispielhof | D6: 3500 | E6: 3800 | F6: 1000 | G6: =E6-F6 -> 2800 | H6: =D6-E6 -> -300 | I6: Gebucht | J6: Anzahlung geleistet, Rest 4 Wochen vorher
A7: Location & Miete | B7: Standesamtliche Trauung (Gebühren) | C7: Standesamt | D7: 200 | E7: 190 | F7: 190 | G7: =E7-F7 -> 0 | H7: =D7-E7 -> 10 | I7: Bezahlt | J7: Urkunden inklusive
A8: Catering & Getränke | B8: Menü & Buffet | C8: Genuss Catering GmbH | D8: 4800 | E8: 5100 | F8: 1500 | G8: =E8-F8 -> 3600 | H8: =D8-E8 -> -300 | I8: Gebucht | J8: ca. 34 € pro Person
A9: Catering & Getränke | B9: Getränkepauschale | C9: Genuss Catering GmbH | D9: 1600 | E9: 1600 | F9: 0 | G9: =E9-F9 -> 1600 | H9: =D9-E9 -> 0 | I9: Gebucht | J9: Softdrinks, Bier, Wein
A10: Catering & Getränke | B10: Sektempfang | C10: Genuss Catering GmbH | D10: 500 | E10: 450 | F10: 0 | G10: =E10-F10 -> 450 | H10: =D10-E10 -> 50 | I10: Gebucht | J10: inkl. Alternative alkoholfrei
A11: Dekoration & Floristik | B11: Tisch- & Saaldekoration | C11: Blütenzauber Floristik | D11: 900 | E11: 1050 | F11: 300 | G11: =E11-F11 -> 750 | H11: =D11-E11 -> -150 | I11: Gebucht | J11: Farbkonzept salbei/creme
A12: Dekoration & Floristik | B12: Brautstrauß & Anstecker | C12: Blütenzauber Floristik | D12: 250 | E12: 240 | F12: 0 | G12: =E12-F12 -> 240 | H12: =D12-E12 -> 10 | I12: Gebucht
A13: Kleidung & Beauty | B13: Brautkleid inkl. Änderungen | C13: Brautmoden Salon Elegance | D13: 1500 | E13: 1650 | F13: 500 | G13: =E13-F13 -> 1150 | H13: =D13-E13 -> -150 | I13: Gebucht | J13: 2. Anprobe steht aus
A14: Kleidung & Beauty | B14: Anzug Bräutigam | C14: Herrenmode Klassik | D14: 600 | E14: 620 | F14: 620 | G14: =E14-F14 -> 0 | H14: =D14-E14 -> -20 | I14: Bezahlt | J14: inkl. Schuhe
A15: Kleidung & Beauty | B15: Friseur & Make-up | C15: Beauty Studio | D15: 350 | E15: 350 | F15: 0 | G15: =E15-F15 -> 350 | H15: =D15-E15 -> 0 | I15: Gebucht | J15: Probetermin vereinbart
A16: Musik & Unterhaltung | B16: DJ | C16: DJ Sound Events | D16: 900 | E16: 950 | F16: 300 | G16: =E16-F16 -> 650 | H16: =D16-E16 -> -50 | I16: Gebucht | J16: inkl. Technik & Licht
A17: Musik & Unterhaltung | B17: Musik zur Trauung | C17: Freie Musiker:in | D17: 300 | E17: 300 | F17: 0 | G17: =E17-F17 -> 300 | H17: =D17-E17 -> 0 | I17: Gebucht | J17: Sängerin + Gitarre
A18: Fotografie & Video | B18: Hochzeitsfotograf:in | C18: Fotostudio Lichtblick | D18: 1800 | E18: 1900 | F18: 600 | G18: =E18-F18 -> 1300 | H18: =D18-E18 -> -100 | I18: Gebucht | J18: Paket 8 Stunden
A19: Fotografie & Video | B19: Videograf:in (Highlight-Film) | C19: Filmwerk Beispiel | D19: 900 | E19: 0 | F19: 0 | G19: =E19-F19 -> 0 | H19: =D19-E19 -> 900 | I19: Offen | J19: Angebot liegt vor, Entscheidung offen
A20: Papeterie & Drucksachen | B20: Einladungskarten | C20: Online-Druckerei | D20: 300 | E20: 320 | F20: 320 | G20: =E20-F20 -> 0 | H20: =D20-E20 -> -20 | I20: Bezahlt | J20: 50 Stück inkl. Umschläge
A21: Papeterie & Drucksachen | B21: Menü- & Tischkarten | C21: Online-Druckerei | D21: 150 | E21: 150 | F21: 0 | G21: =E21-F21 -> 150 | H21: =D21-E21 -> 0 | I21: Offen | J21: nach finaler Gästezahl
A22: Ringe & Schmuck | B22: Eheringe (Paar) | C22: Juwelier Goldschmiede | D22: 1200 | E22: 1300 | F22: 1300 | G22: =E22-F22 -> 0 | H22: =D22-E22 -> -100 | I22: Bezahlt | J22: inkl. Gravur
A23: Torte & Sweets | B23: Hochzeitstorte | C23: Konditorei Süßtraum | D23: 400 | E23: 420 | F23: 0 | G23: =E23-F23 -> 420 | H23: =D23-E23 -> -20 | I23: Gebucht | J23: 3-stöckig, Naked Cake
A24: Torte & Sweets | B24: Candy Bar / Dessertbuffet | C24: Konditorei Süßtraum | D24: 250 | E24: 230 | F24: 0 | G24: =E24-F24 -> 230 | H24: =D24-E24 -> 20 | I24: Offen | J24: optional
... A29: Sonstiges | B29: Puffer / Unvorhergesehenes | C29: - | D29: 800 | E29: 0 | F29: 0 | G29: =E29-F29 -> 0 | H29: =D29-E29 -> 800 | I29: Offen | J29: ca. 5 % Reserve
A30: GESAMT | D30: =SUM(D6:D29) -> 22900 | E30: =SUM(E6:E29) -> 22360 | F30: =SUM(F6:F29) -> 7030 | G30: =SUM(G6:G29) -> 15330 | H30: =SUM(H6:H29) -> 540
A32: Budget-Auslastung (tatsächlich / geplant): | D32: =IF(D30=0,0,E30/D30) -> 0.97641921

Sheet Checkliste
A2: Checkliste & Zeitplan
A3: Alle Aufgaben chronologisch bis zum großen Tag. Das Fälligkeitsdatum errechnet sich aus dem Hochzeitsdatum in der Übersicht – überfällige, offene Aufgaben werden rot markiert. Status per Auswahl (Offen / In Arbeit / Erledigt).
A5: Nr. | B5: Aufgabe | C5: Phase / Zeitpunkt | D5: Zuständig | E5: Fällig am | F5: Status | G5: Priorität | H5: Notizen
A6: 1 | B6: Budget festlegen & Finanzierung klären | C6: 12+ Monate vorher | D6: Beide | E6: =Übersicht!$D$6-380 -> 45974 | F6: Erledigt | G6: Hoch | H6: Gesamtrahmen + Puffer
A7: 2 | B7: Hochzeitsdatum & Trauform festlegen | C7: 12+ Monate vorher | D7: Beide | E7: =Übersicht!$D$6-380 -> 45974 | F7: Erledigt | G7: Hoch | H7: standesamtlich + freie Trauung
A8: 3 | B8: Location besichtigen & buchen | C8: 12+ Monate vorher | D8: Beide | E8: =Übersicht!$D$6-370 -> 45984 | F8: Erledigt | G8: Hoch | H8: 3 Locations verglichen
A9: 4 | B9: Grobe Gästeliste erstellen | C9: 12+ Monate vorher | D9: Beide | E9: =Übersicht!$D$6-360 -> 45994 | F9: Erledigt | G9: Mittel
A10: 5 | B10: Trauredner:in / Standesamt-Termin buchen | C10: 9 Monate vorher | D10: Braut | E10: =Übersicht!$D$6-280 -> 46074 | F10: Erledigt | G10: Hoch
A11: 6 | B11: Fotograf:in buchen | C11: 9 Monate vorher | D11: Bräutigam | E11: =Übersicht!$D$6-275 -> 46079 | F11: Erledigt | G11: Hoch
A12: 7 | B12: Catering auswählen & anfragen | C12: 9 Monate vorher | D12: Beide | E12: =Übersicht!$D$6-270 -> 46084 | F12: Erledigt | G12: Hoch | H12: Menüprobe vereinbart
A13: 8 | B13: Save-the-Date-Karten versenden | C13: 9 Monate vorher | D13: Braut | E13: =Übersicht!$D$6-265 -> 46089 | F13: Erledigt | G13: Mittel
A14: 9 | B14: Brautkleid aussuchen | C14: 6 Monate vorher | D14: Braut | E14: =Übersicht!$D$6-185 -> 46169 | F14: Erledigt | G14: Hoch | H14: inkl. Termin für Änderung
A15: 10 | B15: Anzug für Bräutigam auswählen | C15: 6 Monate vorher | D15: Bräutigam | E15: =Übersicht!$D$6-180 -> 46174 | F15: Erledigt | G15: Mittel
A16: 11 | B16: DJ / Musik buchen | C16: 6 Monate vorher | D16: Bräutigam | E16: =Übersicht!$D$6-178 -> 46176 | F16: Erledigt | G16: Mittel
A17: 12 | B17: Eheringe aussuchen | C17: 6 Monate vorher | D17: Beide | E17: =Übersicht!$D$6-175 -> 46179 | F17: Erledigt | G17: Hoch | H17: Gravur bedenken
A18: 13 | B18: Einladungskarten gestalten & drucken | C18: 4 Monate vorher | D18: Braut | E18: =Übersicht!$D$6-125 -> 46229 | F18: Erledigt | G18: Hoch
A19: 14 | B19: Dekorationskonzept festlegen | C19: 4 Monate vorher | D19: Beide | E19: =Übersicht!$D$6-122 -> 46232 | F19: Erledigt | G19: Mittel | H19: Farbwelt salbei/creme
A20: 15 | B20: Floristik beauftragen | C20: 4 Monate vorher | D20: Braut | E20: =Übersicht!$D$6-120 -> 46234 | F20: In Arbeit | G20: Mittel | H20: Angebot final abstimmen
A21: 16 | B21: Einladungen versenden | C21: 3 Monate vorher | D21: Beide | E21: =Übersicht!$D$6-95 -> 46259 | F21: Erledigt | G21: Hoch | H21: mit RSVP-Frist
A22: 17 | B22: Hochzeitstorte bestellen | C22: 3 Monate vorher | D22: Braut | E22: =Übersicht!$D$6-92 -> 46262 | F22: In Arbeit | G22: Mittel | H22: Geschmacksrichtung offen
A23: 18 | B23: Übernachtung für Gäste organisieren | C23: 3 Monate vorher | D23: Bräutigam | E23: =Übersicht!$D$6-90 -> 46264 | F23: Offen | G23: Niedrig | H23: Zimmerkontingent im Hotel
A24: 19 | B24: Sitzordnung planen | C24: 2 Monate vorher | D24: Beide | E24: =Übersicht!$D$6-62 -> 46292 | F24: Offen | G24: Mittel | H24: nach Rückmeldungen
A25: 20 | B25: Trauzeugen & Reden koordinieren | C25: 2 Monate vorher | D25: Trauzeugen | E25: =Übersicht!$D$6-60 -> 46294 | F25: Offen | G25: Mittel
A26: 21 | B26: Hochzeitsauto organisieren | C26: 2 Monate vorher | D26: Bräutigam | E26: =Übersicht!$D$6-58 -> 46296 | F26: Offen | G26: Niedrig
A27: 22 | B27: Rückmeldungen der Gäste einholen (RSVP) | C27: 1 Monat vorher | D27: Braut | E27: =Übersicht!$D$6-32 -> 46322 | F27: Offen | G27: Hoch | H27: offene Zusagen nachfassen
A28: 23 | B28: Zahlungen an Dienstleister leisten | C28: 1 Monat vorher | D28: Beide | E28: =Übersicht!$D$6-30 -> 46324 | F28: Offen | G28: Hoch | H28: Restbeträge
A29: 24 | B29: Ablaufplan des Tages finalisieren | C29: 1 Monat vorher | D29: Beide | E29: =Übersicht!$D$6-28 -> 46326 | F29: Offen | G29: Hoch
A30: 25 | B30: Eheringe abholen | C30: 1 Monat vorher | D30: Bräutigam | E30: =Übersicht!$D$6-25 -> 46329 | F30: Offen | G30: Mittel
A31: 26 | B31: Kleidung anprobieren & bereitlegen | C31: Hochzeitswoche | D31: Beide | E31: =Übersicht!$D$6-6 -> 46348 | F31: Offen | G31: Mittel
A32: 27 | B32: Finale Gästezahl an Catering übermitteln | C32: Hochzeitswoche | D32: Braut | E32: =Übersicht!$D$6-5 -> 46349 | F32: Offen | G32: Hoch
A33: 28 | B33: Notfalltasche packen | C33: Hochzeitswoche | D33: Trauzeugen | E33: =Übersicht!$D$6-4 -> 46350 | F33: Offen | G33: Niedrig | H33: Nadel, Pflaster, Ersatzstrumpf
A34: 29 | B34: Ringe, Ausweise & Unterlagen bereitlegen | C34: Am Hochzeitstag | D34: Beide | E34: =Übersicht!$D$6-0 -> 46354 | F34: Offen | G34: Hoch
A35: 30 | B35: Danksagungen & Dienstleister-Bewertung | C35: Nach der Hochzeit | D35: Beide | E35: =Übersicht!$D$6+14 -> 46368 | F35: Offen | G35: Niedrig | H35: Fotos sichten & bestellen

Sheet Gästeliste
A2: Gästeliste & Rückmeldungen
A3: Verwalten Sie Gäste, Einladungen, Zu- und Absagen sowie Menüwünsche sitzweise. Die Personenzahl und die Zusagen werden unten summiert. Rückmeldung per Auswahl. Beispieldaten – bitte ersetzen.
A5: Nr. | B5: Name / Gäste | C5: Kategorie | D5: Anzahl Pers. | E5: Einladung | F5: Rückmeldung | G5: Zusagen (Pers.) | H5: Menü / Diät | I5: Tisch | J5: Notizen
A6: 1 | B6: Familie Müller (Eltern Braut) | C6: Familie Braut | D6: 2 | E6: Ja | F6: Zugesagt | G6: 2 | H6: Standard | I6: 1
A7: 2 | B7: Familie Schmidt (Eltern Bräutigam) | C7: Familie Bräutigam | D7: 2 | E7: Ja | F7: Zugesagt | G7: 2 | H7: Standard | I7: 1
A8: 3 | B8: Oma Ingrid | C8: Familie Braut | D8: 1 | E8: Ja | F8: Zugesagt | G8: 1 | H8: Standard | I8: 2 | J8: sitzt gern nah am Ausgang
A9: 4 | B9: Onkel Peter & Tante Rita | C9: Familie Braut | D9: 2 | E9: Ja | F9: Zugesagt | G9: 2 | H9: Vegetarisch | I9: 2
A10: 5 | B10: Familie Weber | C10: Familie Bräutigam | D10: 4 | E10: Ja | F10: Zugesagt | G10: 4 | H10: Kinderteller | I10: 3 | J10: 2 Kinder (6 & 9 J.)
A11: 6 | B11: Familie Hartmann | C11: Familie Bräutigam | D11: 4 | E11: Ja | F11: Zugesagt | G11: 4 | H11: Standard | I11: 3
A12: 7 | B12: Tante Helga | C12: Familie Bräutigam | D12: 1 | E12: Ja | F12: Zugesagt | G12: 1 | H12: Vegetarisch | I12: 3
A13: 8 | B13: Familie Schulz | C13: Familie Braut | D13: 3 | E13: Ja | F13: Zugesagt | G13: 3 | H13: Standard | I13: 2
A14: 9 | B14: Thomas & Sabine Fischer | C14: Freunde | D14: 2 | E14: Ja | F14: Zugesagt | G14: 2 | H14: Standard | I14: 4
A15: 10 | B15: Julia Becker | C15: Freunde | D15: 1 | E15: Ja | F15: Ausstehend | G15: 0 | H15: Vegan | I15: 4 | J15: Rückmeldung offen
A16: 11 | B16: Markus Zimmermann | C16: Freunde | D16: 1 | E16: Ja | F16: Zugesagt | G16: 1 | H16: Glutenfrei | I16: 4 | J16: Zöliakie
A17: 12 | B17: Michael & Lena Wagner | C17: Freunde | D17: 2 | E17: Ja | F17: Zugesagt | G17: 2 | H17: Standard | I17: 5
A18: 13 | B18: David & Nina Braun | C18: Freunde | D18: 2 | E18: Ja | F18: Zugesagt | G18: 2 | H18: Vegetarisch | I18: 5
A19: 14 | B19: Anna & Jonas Krüger | C19: Freunde | D19: 2 | E19: Ja | F19: Ausstehend | G19: 0 | H19: Standard | I19: 5
A20: 15 | B20: Familie Hoffmann | C20: Freunde | D20: 3 | E20: Ja | F20: Abgesagt | G20: 0 | H20: - | I20: - | J20: verhindert
A21: 16 | B21: Kolleg:innen Team Marketing | C21: Kollegen | D21: 4 | E21: Ja | F21: Ausstehend | G21: 0 | H21: Standard | I21: 6 | J21: Sammelzusage ausstehend
A22: 17 | B22: Sandra Klein | C22: Kollegen | D22: 1 | E22: Nein | F22: Ausstehend | G22: 0 | H22: Standard | I22: 6 | J22: Einladung folgt
A23: 18 | B23: Freundeskreis Uni | C23: Sonstige | D23: 5 | E23: Nein | F23: Ausstehend | G23: 0 | H23: Standard | I23: 7 | J23: noch klären, wer kommt
B24: GESAMT | D24: =SUM(D6:D23) -> 42 | G24: =SUM(G6:G23) -> 26

Sheet Dienstleister
A2: Dienstleister & Kontakte
A3: Alle Anbieter, Ansprechpartner und Kontaktdaten an einem Ort – inkl. Angebot, Buchungsstatus und Vertrag. Die Angebotssumme wird unten summiert. Kontaktdaten sind Beispiele.
A5: Kategorie | B5: Anbieter / Firma | C5: Ansprechpartner | D5: Telefon | E5: E-Mail | F5: Angebot (€) | G5: Status | H5: Vertrag | I5: Notizen
A6: Location | B6: Landgut Beispielhof | C6: Frau Berger | D6: +49 30 1234501 | E6: info@landgut-beispielhof.de | F6: 3800 | G6: Gebucht | H6: Ja | I6: Anzahlung 1.000 € geleistet
A7: Catering | B7: Genuss Catering GmbH | C7: Herr Klein | D7: +49 30 1234502 | E7: kontakt@genuss-catering.de | F7: 7150 | G7: Gebucht | H7: Ja | I7: Menüprobe 8 Wochen vorher
A8: Fotografie | B8: Fotostudio Lichtblick | C8: Frau Sommer | D8: +49 30 1234503 | E8: hallo@fotostudio-lichtblick.de | F8: 1900 | G8: Gebucht | H8: Ja | I8: Paket 8 Std. + Onlinegalerie
A9: Video | B9: Filmwerk Beispiel | C9: Herr Vogel | D9: +49 30 1234504 | E9: info@filmwerk-beispiel.de | F9: 900 | G9: Angebot erhalten | H9: Nein | I9: Entscheidung offen
A10: Musik / DJ | B10: DJ Sound Events | C10: Herr Wolf | D10: +49 30 1234505 | E10: booking@dj-sound-events.de | F10: 950 | G10: Gebucht | H10: Ja | I10: inkl. Technik & Licht
A11: Floristik | B11: Blütenzauber Floristik | C11: Frau Blum | D11: +49 30 1234506 | E11: info@bluetenzauber-floristik.de | F11: 1290 | G11: Gebucht | H11: Ja | I11: Farbwelt salbei/creme
A12: Brautmode | B12: Brautmoden Salon Elegance | C12: Frau Roth | D12: +49 30 1234507 | E12: termin@brautmoden-elegance.de | F12: 1650 | G12: Gebucht | H12: Ja | I12: 2. Anprobe steht aus
A13: Konditorei | B13: Konditorei Süßtraum | C13: Herr Bäcker | D13: +49 30 1234508 | E13: bestellung@suesstraum.de | F13: 650 | G13: Gebucht | H13: Nein | I13: 3-stöckig, Naked Cake
A14: Trauredner:in | B14: Freie Trauung Herzenswort | C14: Frau Engel | D14: +49 30 1234509 | E14: kontakt@herzenswort.de | F14: 850 | G14: Gebucht | H14: Ja | I14: Vorgespräch erfolgt
A15: Juwelier | B15: Juwelier Goldschmiede | C15: Herr Stein | D15: +49 30 1234510 | E15: info@juwelier-goldschmiede.de | F15: 1300 | G15: Bezahlt | H15: Ja | I15: Gravur inklusive
A16: Transport | B16: Oldtimer Vermietung Classic | C16: Herr Fahr | D16: +49 30 1234511 | E16: info@oldtimer-classic.de | F16: 350 | G16: Gebucht | H16: Ja | I16: Cabrio mit Fahrer
A17: GESAMT (Angebotssummen) | F17: =SUM(F6:F16) -> 20790
